AoeStats
← Blazing Cartesia, The Virtuous

Arena

503988590Analyzed
1v1 RM · 29d ago on Sep 3, 2026· 23m 29s· 2 players
Game mode
Random Map
Map size
Tiny (2 player)
Population
200
Speed
Normal
Resources
Standard
Victory
Conquest
Starting age
Dark Age
Ending age
Imperial Age
RankedLock teamsTeams togetherTeam positionsShared explorationLock speedFull tech treeHidden civsTurbo modeCheats
Victory
Defeat
🇪🇸 Portuguese · Spain
1171
+16
1161
-16
Blazing Cartesia, The Virtuous
4:22 Double-Bit Axe
6:35 Wheelbarrow
6:34 Horse Collar
12:11 Feudal Age
10:42 Stone Mining
13:12 Loom
16:13 Castle Age
15:32 Bow Saw
16:53 Heavy Plow
18:52 Gold Mining
jtetjos
10:41 Feudal Age
14:43 Castle Age
13:23 Loom
13:46 Stone Mining
14:31 Double-Bit Axe
17:52 Bow Saw
18:21 Town Watch
Connection lost

Rejoining the realm…

Still unreachable

The connection could not be restored.

Session expired

The server has moved on; the page needs a fresh start.